 Dungeon Crawl Stone Soup version 0.28-a0-79-g444c7a33f5 (webtiles) character file.

Game seed: 1494625178878489873

130129 mcsnuffy the Eclecticist (level 16, 106/106 HPs)
             Began as a Deep Elf Conjurer on Aug 1, 2021.
             Was a High Priest of Vehumet.
             Quit the game on level 1 of the Snake Pit on Aug 2, 2021.
             The game lasted 03:51:08 (30221 turns).

mcsnuffy the Eclecticist (Deep Elf Conjurer)       Turns: 30221, Time: 03:51:09

Health: 106/106    AC: 13    Str: 12    XL:     16   Next: 52%
Magic:  26/37      EV: 17    Int: 29    God:    Vehumet [*****.]
Gold:   243        SH: 12    Dex: 19    Spells: 9/45 levels left

rFire   . . .      SeeInvis .   x - +1 whip (elec)
rCold   . . .      Faith    .   e - +2 kite shield {rN+}
rNeg    + . .      Spirit   +   Q - +2 robe {Will+}
rPois   +          Reflect  .   W - +2 helmet
rElec   .          Harm     .   G - scarf {repulsion}
rCorr   .          Rampage  .   k - +1 pair of gloves of Utucicuj {Fly rPois}
Will    ++...                   d - +2 pair of boots
Stlth   ++++......              I - amulet of guardian spirit
HPRegen 0.27/turn               D - +6 ring of dexterity
MPRegen 0.25/turn               S - +6 ring of strength

@: flying, studying Staves, repel missiles
A: sense surroundings 1, robust 1
a: Renounce Religion


You were on level 1 of the Snake Pit.
You worshipped Vehumet.
Vehumet was extremely pleased with you.
You visited 5 branches of the dungeon, and saw 24 of its levels.

You collected 2941 gold pieces.
You spent 2698 gold pieces at shops.

Inventory:

Hand Weapons
 x - a +1 whip of electrocution (weapon)
Missiles
 M - a throwing net
Armour
 d - a +2 pair of boots (worn)
 e - a +2 kite shield of positive energy (worn)
 k - the +1 pair of gloves of Utucicuj (worn) {Fly rPois}
   (You bought it in a shop on level 2 of the Orcish Mines)

   rPois:     It protects you from poison.
   Fly:       It grants you flight.
 w - a +2 pair of gloves
 B - a scarf of harm
 G - a scarf of repulsion (worn)
 Q - a +2 robe of willpower (worn)
 W - a +2 helmet (worn)
Jewellery
 v - a ring of see invisible
 z - a ring of poison resistance
 C - a ring of ice
 D - a +6 ring of dexterity (left hand)
 F - a ring of fire
 I - an amulet of guardian spirit (around neck)
 K - a +6 ring of intelligence
 S - a +6 ring of strength (right hand)
Wands
 b - a wand of flame (10)
 h - a wand of acid (8)
 q - a wand of digging (6)
 r - a wand of mindburst (8)
 L - a wand of paralysis (6)
 N - a wand of charming (9)
 V - a wand of polymorph (7)
Scrolls
 a - 4 scrolls of blinking
 f - 7 scrolls of teleportation {@r2}
 j - 6 scrolls of magic mapping
 l - 7 scrolls of immolation
 n - 3 scrolls of brand weapon
 p - 2 scrolls of holy word
 s - 3 scrolls of enchant weapon
 y - 7 scrolls of fear
 O - 4 scrolls of silence {!r}
 P - 3 scrolls of fog
 T - 2 scrolls of amnesia
 U - 2 scrolls of summoning
 Y - a scroll of torment {unknown}
 Z - 3 scrolls of identify {@r1}
Potions
 c - 2 potions of might
 g - 2 potions of mutation
 i - 2 potions of invisibility
 m - 6 potions of heal wounds {@q2}
 t - a potion of cancellation
 u - 7 potions of curing {@q1}
 A - a potion of haste {@q3}
 E - a potion of ambrosia
 H - 4 potions of resistance
 R - 4 potions of magic
 X - 2 potions of brilliance
Miscellaneous
 J - a phial of floods


   Skills:
 - Level 10.0 Fighting
 - Level 7.7 Armour
 - Level 10.0 Dodging
 - Level 8.0 Stealth
 - Level 7.0 Shields
 - Level 15.2 Spellcasting
 - Level 14.0 Conjurations
 - Level 12.1 Hexes
 - Level 5.1 Summonings
 - Level 4.0 Translocations
 + Level 2.1 Transmutations
 - Level 4.0 Ice Magic
 - Level 4.0 Air Magic
 + Level 2.1 Earth Magic


You had 9 spell levels left.
You knew the following spells:

 Your Spells              Type           Power      Damage    Failure   Level
a - Statue Form           Tmut/Erth      22%        N/A       99%         6
c - Mephitic Cloud        Conj/Pois/Air  54%        N/A       1%          3
f - Fulminant Prism       Conj/Hex       39%        3d18      1%          4
g - Freezing Cloud        Conj/Ice/Air   29%        6-21      2%          5
m - Magic Dart            Conj           100%       1d8       0%          1
o - Ozocubu's Armour      Ice            45%        N/A       3%          3
s - Searing Ray           Conj           100%       3d7       1%          2
v - Summon Mana Viper     Hex/Summ       64%        N/A       4%          5
w - Stone Arrow           Conj/Erth      100%       3d13      1%          3
X - Iskenderun's Mystic   Conj/Tloc      65%        2d13      1%          4

Your spell library contained the following spells:

 Spells                   Type           Power      Damage    Failure   Level
 Yara's Violent Unravell  Hex/Tmut       29%        3d12      2%          5
 Dazzling Flash           Conj/Hex       100%       N/A       1%          3
 Portal Projectile        Hex/Tloc       100%       N/A       1%          3
 Hailstorm                Conj/Ice       65%        3d14      1%          4
 Irradiate                Conj/Tmut      31%        3d24      1%          5
 Leda's Liquefaction      Hex/Erth       29%        N/A       3%          4
 Bolt of Magma            Conj/Fire/Erth 26%        4d12      5%          5
 Sublimation of Blood     Necr           11%        N/A       10%         2
 Ice Form                 Ice/Tmut       39%        N/A       17%         4
 Petrify                  Tmut/Erth      34%        N/A       26%         4
 Summon Forest            Summ/Tloc      24%        N/A       26%         5
 Shadow Creatures         Summ           N/A        N/A       75%         6
 Ozocubu's Refrigeration  Ice            22%        4d9       91%         7
 Discord                  Hex            37%        N/A       95%         8
 Simulacrum               Ice/Necr       16%        N/A       99%         6
 Shatter                  Erth           17%        3d16*     100%        9


Dungeon Overview and Level Annotations

Branches:
Dungeon (14/15)            Temple (1/1) D:6            Lair (6/6) D:11
  Swamp (0/4) Lair:4        Snake (1/4) Lair:2        Slime (0/5) Lair:6
    Orc (2/2) D:10            Elf (0/3) Orc:2        Vaults (0/5) D:13

Altars:
Ashenzari
Cheibriados
Dithmenos
Elyvilon
Fedhas
Gozag
Hepliaklqana
Kikubaaqudgha
Makhleb
Nemelex Xobeh
Okawaru
Qazlal
Ru
Sif Muna
Trog
Uskayaw
Vehumet
Wu Jian
Xom
Yredelemnul
Zin
The Shining One
Beogh

Shops:
D:2 (=?*[   D:4 *   D:14 *   Orc:2 ?!?[   Snake:1 :[[

Annotations:
D:14 3 runed translucent doors, exclusion: obsidian statue, Ygami's ghost, journeyman DrBe
Lair:3 3 runed translucent doors, Ylye's ghost, journeyman NaTm
Lair:5 3 runed translucent doors, Buqosi's ghost, journeyman BaIE


Innate Abilities, Weirdness & Mutations

You passively map a small area around you.
You are robust. (+10% HP)


Message History

The arrow hits you but does no damage.
Casting: Stone Arrow (safe; 1% risk of failure)
Confirm with . or Enter, or press ? or * to list all spells.
Aiming: Searing Ray (safe; 1% risk of failure)
Press: ? - help, Shift-Dir - straight line, f/p - naga sharpshooter
Aim: a naga sharpshooter, wielding a +0 longbow, wearing a +0 robe and quivering arrows (freezing vapour, heavily wounded, 83% to hit)
The searing ray hits the naga sharpshooter!
The naga sharpshooter is heavily wounded. (Press . to maintain the ray.)
The naga sharpshooter is engulfed in freezing vapours.
The naga sharpshooter gestures wildly while chanting.
The searing ray misses the naga sharpshooter.
The naga sharpshooter is engulfed in freezing vapours.
The naga sharpshooter shoots an arrow.
The arrow barely misses you.
The searing ray hits the naga sharpshooter.
You kill the naga sharpshooter!
Vehumet accepts your kill.
You feel your power returning.
Your Transmutations skill increases to level 2!
Your Earth Magic skill increases to level 2!
Casting: Searing Ray (safe; 1% risk of failure)
Confirm with . or Enter, or press ? or * to list all spells.
Okay, then.
Casting: Searing Ray (safe; 1% risk of failure)
Confirm with . or Enter, or press ? or * to list all spells.
Okay, then.
Casting: Searing Ray (safe; 1% risk of failure)
Confirm with . or Enter, or press ? or * to list all spells.
Okay, then.
Okay, then.
Welcome back, mcsnuffy the Deep Elf Conjurer.
Vehumet says: Let it end in hellfire!
Press ? for a list of commands and other information.
Okay, then.
Char dumped successfully.
You feel better.
Are you sure you want to abandon this character and quit the game? (Confirm with "yes".)
Okay, then.
Unknown command.
Are you sure you want to abandon this character and quit the game? (Confirm with "yes".)

###.)#######.......## ,
....#####.........### ,
...###....####......###
..###.....#
####.....^###*
####...####
#...#.......# ,
##...### ##......####.*
, * #.### *
#.......#### * ### *
#..#.......#*
,,*##.@.#######* # *
###.§§..# , , # *,, , ,
*#.§§○.# # , ***
..§§☼## , , ## *.....##
, , .# * #.##### , , *
.# #. * *** , .# * #. ,
.# * # * *,, ,,


There were no monsters in sight!

Vanquished Creatures
  Roxanne (D:14)
  An orc warlord (Orc:2)
  An ettin (Orc:2)
  Snorg (Lair:6)
  Erolcha (D:12)
  2 naga warriors (Snake:1)
  A boulder beetle (Lair:3)
  6 hydras
  3 vault guards (D:13)
  2 ogre magi (Orc:2)
  A centaur warrior (D:13)
  13 two-headed ogres
  4 catoblepae
  Erica (D:8)
  8 death yaks (Lair:6)
  A death knight (D:12)
  2 naga sharpshooters (Snake:1)
  Nergalle (Lair:2)
  Sonja (Lair:4)
  2 skeletal warriors
  2 deep trolls (Orc:2)
  A bog body (Lair:4)
  3 orc knights
  A deep elf pyromancer (D:12)
  4 cyclopes
  2 orc sorcerers (Orc:2)
  2 ugly things
  4 manticores
  11 elephants
  3 naga magi (Snake:1)
  5 black mambas
  An unseen horror (D:12)
  9 cane toads
  A torpor snail (Lair:6)
  A gargoyle (D:12)
  6 komodo dragons
  3 rime drakes
  A freezing wraith (D:12)
  15 trolls
  A tengu conjurer (D:14)
  8 slime creatures
  12 blink frogs
  A hornet (D:11)
  5 dream sheep (Lair:4)
  A shadow (D:12)
  6 wyverns
  79 yaks
  5 wraiths
  A human (shapeshifter) (D:12)
  8 humans (D:13)
  4 basilisks
  A warg (Orc:1)
  An acid dragon (D:10)
  6 nagas
  20 water moccasins
  3 ice beasts
  26 orc warriors
  2 sky beasts (D:5)
  3 boggarts (D:14)
  4 necrophages
  20 ogres
  3 centaurs
  14 wolves
  A phantom (D:4)
  A kobold brigand (D:8)
  13 bullfrogs
  2 wyvern zombies
  3 scorpions
  A wyvern skeleton (D:7)
  A water moccasin skeleton (D:5)
  11 killer bees
  14 wights
  An electric eel (Lair:4)
  3 howler monkeys (D:14)
  3 bullfrog zombies
  3 centaur zombies
  2 hounds
  2 jellies (Lair:6)
  A bullfrog skeleton (D:4)
  A centaur skeleton (D:6)
  A gnoll shaman (D:4)
  19 orc priests
  A scorpion zombie (D:5)
  2 iguanas (D:5)
  34 orc wizards
  A killer bee zombie (D:5)
  A howler monkey zombie (D:9)
  3 howler monkey skeletons
  3 adders
  5 gnolls (D:4)
  An ufetubus (D:6)
  2 worms (D:4)
  4 dart slugs
  98 orcs
  4 ball pythons
  7 endoplasms
  5 giant cockroaches
  3 goblins
  2 hobgoblins
  13 jackals
  2 quokkas
  2 bats (D:1)
  A frilled lizard (D:1)
  13 kobolds
  5 rats
  A fulminant prism (D:10)
658 creatures vanquished.

Vanquished Creatures (collateral kills)
  2 skeletal warriors (D:14)
  A phantasmal warrior (D:12)
  A bog body (Lair:4)
  A moth of wrath (shapeshifter) (D:14)
  A polar bear (Lair:4)
  2 basilisks
8 creatures vanquished.

Vanquished Creatures (others)
  A human (D:13)
  59 fulminant prisms
  30 fungi
  98 plants
188 creatures vanquished.

Grand Total: 854 creatures vanquished

Notes
Turn   | Place    | Note
-------+----------+-------------------------------------------
     0 | D:1      | mcsnuffy the Deep Elf Conjurer began the quest for the Orb.
     0 | D:1      | Reached XP level 1. HP: 10/10 MP: 6/6
   275 | D:1      | Reached XP level 2. HP: 15/15 MP: 6/8
   372 | D:1      | Reached skill level 5 in Conjurations
   628 | D:1      | Reached skill level 1 in Fighting
   824 | D:1      | Found a faded altar of an unknown god.
   881 | D:1      | You fall into a shaft and drop 1 floor!
  1033 | D:1      | Noticed an orc warrior
  1273 | D:2      | Found Sasekk's General Store.
  1276 | D:2      | Found Muodil's Magic Scroll Shoppe.
  1303 | D:2      | Reached XP level 3. HP: 20/20 MP: 5/9
  1575 | D:2      | Found Rusche's Antique Armour Boutique.
  1745 | D:2      | Found Qoshri's Jewellery Emporium.
  1751 | D:2      | Found Dysajimn's Weapon Shop.
  1774 | D:2      | Bought a scroll of identify for 24 gold pieces
  1988 | D:3      | Learned a level 2 spell: Searing Ray
  1992 | D:3      | Learned a level 3 spell: Ozocubu's Armour
  2434 | D:3      | Reached XP level 4. HP: 24/25 MP: 5/11
  2694 | D:3      | Reached skill level 4 in Spellcasting
  2981 | D:3      | Reached skill level 1 in Ice Magic
  3196 | D:4      | Noticed a scorpion
  3202 | D:4      | Killed a scorpion
  3203 | D:4      | Reached skill level 5 in Spellcasting
  3203 | D:4      | Reached XP level 5. HP: 29/29 MP: 5/14
  3262 | D:4      | Noticed a phantom
  3709 | D:4      | Found Fennoav's General Store.
  3711 | D:4      | Found Ajoxydem's Specific Store.
  3715 | D:4      | Bought a potion of curing for 33 gold pieces
  3719 | D:4      | Bought a scroll of identify for 22 gold pieces
  3780 | D:4      | Reached XP level 6. HP: 35/35 MP: 10/15
  3933 | D:4      | Reached skill level 5 in Dodging
  4849 | D:5      | Entered Level 5 of the Dungeon
  4887 | D:5      | Reached XP level 7. HP: 40/40 MP: 9/17
  4959 | D:5      | Reached skill level 6 in Spellcasting
  5084 | D:5      | Reached skill level 7 in Spellcasting
  5263 | D:5      | Reached skill level 8 in Spellcasting
  5268 | D:5      | Learned a level 4 spell: Fulminant Prism
  5535 | D:5      | Reached skill level 1 in Hexes
  5699 | D:5      | Reached XP level 8. HP: 13/44 MP: 14/22
  6280 | D:6      | Found a staircase to the Ecumenical Temple.
  6287 | Temple   | Entered the Ecumenical Temple
  6392 | Temple   | Became a worshipper of Vehumet
  6932 | D:6      | Reached XP level 9. HP: 51/51 MP: 17/23
  7794 | D:7      | Reached * piety under Vehumet
  7794 | D:7      | Offered knowledge of Foxfire by Vehumet.
  7799 | D:7      | Learned a level 3 spell: Dazzling Flash
  8234 | D:7      | Reached skill level 9 in Spellcasting
  8530 | D:7      | Found a bloodstained altar of Trog.
  9055 | D:7      | Found a hide-covered altar of Uskayaw.
  9180 | D:8      | Reached skill level 10 in Spellcasting
  9304 | D:8      | Reached skill level 10 in Dodging
  9340 | D:8      | Noticed Erica
  9349 | D:8      | Killed Erica
  9350 | D:8      | Reached skill level 5 in Hexes
  9350 | D:8      | Reached XP level 10. HP: 56/56 MP: 16/26
  9434 | D:8      | Offered knowledge of Shock by Vehumet.
  9437 | D:8      | Reached ** piety under Vehumet
 10136 | D:9      | Noticed a two-headed ogre
 10141 | D:9      | Killed a two-headed ogre
 10142 | D:9      | Reached skill level 5 in Fighting
 10438 | D:9      | Learned a level 4 spell: Iskenderun's Mystic Blast
 10485 | D:9      | Identified a scroll of acquirement
 10494 | D:9      | Acquired 974 gold pieces
 10661 | D:2      | Bought a pair of boots for 121 gold pieces
 10661 | D:2      | Bought a twisted leather armour for 189 gold pieces
 10661 | D:2      | Identified the +1 leather armour "Giakang" {rCorr} (You
                  | bought it in a shop on level 2 of the Dungeon)
 10846 | D:10     | Entered Level 10 of the Dungeon
 11001 | D:9      | Reached skill level 1 in Armour
 11060 | D:9      | Offered knowledge of Mephitic Cloud by Vehumet.
 11066 | D:9      | Learned a level 3 spell: Mephitic Cloud
 11645 | D:10     | Found a staircase to the Orcish Mines.
 11658 | D:10     | Reached *** piety under Vehumet
 11799 | D:10     | Noticed a manticore
 11805 | D:10     | Killed a manticore
 11880 | D:10     | Noticed a two-headed ogre
 11900 | D:10     | Killed a two-headed ogre
 11901 | D:10     | Reached XP level 11. HP: 57/64 MP: 21/27
 12099 | D:10     | You fall into a shaft and drop 2 floors!
 12137 | D:12     | Reached skill level 10 in Conjurations
 12254 | D:12     | Noticed a deep elf pyromancer
 12264 | D:12     | Killed a deep elf pyromancer
 12482 | D:12     | Offered knowledge of Olgreb's Toxic Radiance by Vehumet.
 12561 | D:11     | Noticed a two-headed ogre
 12604 | D:11     | Found a staircase to the Lair.
 12604 | D:11     | Noticed a two-headed ogre
 12618 | D:11     | Killed a two-headed ogre
 12954 | D:11     | Noticed a two-headed ogre
 12958 | D:11     | Killed a two-headed ogre
 13017 | D:11     | Identified the +6 chain mail of Joivvo {Str+5}
 13095 | D:11     | Noticed a white ugly thing
 13103 | D:11     | Reached skill level 5 in Stealth
 13106 | D:11     | Killed a white ugly thing
 13332 | D:10     | Reached **** piety under Vehumet
 13333 | D:10     | Reached skill level 11 in Spellcasting
 13565 | D:10     | Offered knowledge of Freezing Cloud by Vehumet.
 13572 | D:10     | Learned a level 5 spell: Freezing Cloud
 13764 | Lair:1   | Entered Level 1 of the Lair of Beasts
 14056 | D:2      | Bought a scroll of teleportation for 33 gold pieces
 14056 | D:2      | Bought a scroll of teleportation for 33 gold pieces
 14064 | D:2      | Bought a scroll of identify for 24 gold pieces
 14064 | D:2      | Bought a scroll of identify for 24 gold pieces
 14064 | D:2      | Bought a scroll of amnesia for 42 gold pieces
 14064 | D:2      | Bought a scroll of blinking for 90 gold pieces
 14071 | D:2      | Bought a +6 ring of strength for 702 gold pieces
 14524 | Lair:1   | Reached XP level 12. HP: 73/73 MP: 26/29
 14542 | Lair:1   | Reached skill level 5 in Armour
 14544 | Lair:1   | Noticed a five-headed hydra
 14550 | Lair:1   | Killed a five-headed hydra
 15932 | Lair:2   | Found a staircase to the Snake Pit.
 16265 | Lair:2   | Noticed Nergalle
 16272 | Lair:2   | Killed Nergalle
 16273 | Lair:2   | Reached skill level 12 in Spellcasting
 17061 | Lair:3   | Reached skill level 13 in Spellcasting
 17163 | Lair:3   | Identified the +1 ring mail of Responsibility {rN+ Slay+3}
 17297 | Lair:3   | Found a runed translucent gate.
 17297 | Lair:3   | Found a runed translucent gate.
 17297 | Lair:3   | Found a runed translucent gate.
 17304 | Lair:3   | Noticed Ylye's ghost (journeyman NaTm)
 17683 | Lair:3   | Noticed a boulder beetle
 17698 | Lair:3   | Killed a boulder beetle
 17699 | Lair:3   | Reached skill level 14 in Spellcasting
 17833 | Lair:3   | Learned a level 5 spell: Summon Mana Viper
 17906 | Lair:4   | Reached skill level 1 in Summonings
 17909 | Lair:4   | Reached ***** piety under Vehumet
 17909 | Lair:4   | Offered knowledge of Iron Shot by Vehumet.
 17971 | Lair:4   | Reached XP level 13. HP: 78/78 MP: 27/33
 17987 | Lair:4   | Noticed Sonja
 18018 | Lair:4   | Killed Sonja
 18019 | Lair:4   | Reached skill level 1 in Translocations
 18963 | Lair:4   | Found a staircase to the Swamp.
 20026 | Lair:5   | Found a runed translucent gate.
 20026 | Lair:5   | Found a runed translucent gate.
 20026 | Lair:5   | Found a runed translucent gate.
 20030 | Lair:5   | Noticed Buqosi's ghost (journeyman BaIE)
 20278 | Lair:5   | Learned a level 3 spell: Stone Arrow
 20519 | Lair:5   | Reached skill level 10 in Fighting
 20799 | Lair:6   | Entered Level 6 of the Lair of Beasts
 21368 | Lair:6   | Noticed Snorg
 21374 | Lair:6   | Offered knowledge of Fireball by Vehumet.
 21375 | Lair:6   | Killed Snorg
 21383 | Lair:6   | Reached XP level 14. HP: 56/88 MP: 16/34
 21548 | Lair:6   | Found a staircase to the Slime Pits.
 21855 | Lair:6   | Identified 3 potions of resistance
 22168 | Lair:6   | Reached skill level 1 in Air Magic
 22788 | Lair:6   | Got the Grimoire of Malediction
 22842 | Lair:6   | Reached skill level 5 in Summonings
 23247 | Orc:1    | Entered Level 1 of the Orcish Mines
 23451 | Orc:2    | Entered Level 2 of the Orcish Mines
 23999 | Orc:2    | Found a staircase to the Elven Halls.
 24009 | Orc:2    | Found Sox Vab's Antique Armour Shoppe.
 24023 | Orc:2    | Reached skill level 10 in Hexes
 24093 | Orc:2    | Reached skill level 15 in Spellcasting
 24217 | Orc:2    | Found Alon Coo's Magic Scroll Emporium.
 24341 | Orc:2    | Found Ulomnun's Distillery.
 24344 | Orc:2    | Bought a pair of brightly glowing gloves for 370 gold
                  | pieces
 24344 | Orc:2    | Identified the +1 pair of gloves of Utucicuj {Fly rPois}
                  | (You bought it in a shop on level 2 of the Orcish Mines)
 24366 | Orc:2    | Reached XP level 15. HP: 92/92 MP: 33/36
 24366 | Orc:2    | Bought a scroll of identify for 32 gold pieces
 24366 | Orc:2    | Bought a scroll of identify for 32 gold pieces
 24366 | Orc:2    | Bought 2 scrolls of identify for 64 gold pieces
 24368 | Orc:2    | Identified a potion of experience
 24369 | Orc:2    | Reached XP level 16. HP: 97/97 MP: 34/37
 24393 | Orc:2    | Found Okhlu's Magic Scroll Shoppe.
 24401 | Orc:2    | Bought a scroll of identify for 26 gold pieces
 24401 | Orc:2    | Bought a scroll of identify for 26 gold pieces
 24401 | Orc:2    | Bought a scroll of blinking for 97 gold pieces
 24401 | Orc:2    | Bought a scroll of blinking for 97 gold pieces
 24403 | Orc:2    | Bought a scroll of enchant weapon for 97 gold pieces
 24403 | Orc:2    | Bought a scroll of summoning for 123 gold pieces
 24934 | Orc:1    | Offered knowledge of Lightning Bolt by Vehumet.
 25077 | Orc:1    | Reached skill level 1 in Shields
 25470 | D:11     | Found a shimmering blue altar of Sif Muna.
 26488 | D:12     | Noticed Erolcha
 26492 | D:12     | Killed Erolcha
 27222 | D:13     | Identified the +1 leather armour of the Ten Wars {Harm}
 27284 | D:13     | Reached skill level 5 in Shields
 27298 | D:13     | Offered knowledge of Yara's Violent Unravelling by Vehumet.
 27435 | D:13     | Identified the +1 glaive "Tormentor" {pain, Int+4 SInv}
 27439 | D:13     | Found a gate to the Vaults.
 27701 | D:14     | Noticed Roxanne
 28431 | D:14     | Killed Roxanne
 28449 | D:13     | Learned a level 6 spell: Statue Form
 29033 | D:14     | Found a runed translucent gate.
 29033 | D:14     | Found a runed translucent gate.
 29033 | D:14     | Found a runed translucent gate.
 29034 | D:14     | Found an opulent altar of Gozag.
 29034 | D:14     | Noticed Ygami's ghost (journeyman DrBe)
 29035 | D:14     | Found Plog's Assorted Antiques.
 29452 | D:4      | Bought a scroll of enchant armour for 82 gold pieces
 29452 | D:4      | Bought a scroll of magic mapping for 38 gold pieces
 29681 | Snake:1  | Entered Level 1 of the Snake Pit
 29779 | Snake:1  | Gained mutation: You passively dampen the noise of your
                  | surroundings. [potion of mutation]
 29779 | Snake:1  | Gained mutation: You have a pair of small antennae on your
                  | head. [potion of mutation]
 29780 | Snake:1  | Lost mutation: You have a pair of small antennae on your
                  | head. [potion of mutation]
 29780 | Snake:1  | Lost mutation: You passively dampen the noise of your
                  | surroundings. [potion of mutation]
 29780 | Snake:1  | Gained mutation: You are robust. (+10% HP) [potion of
                  | mutation]
 29780 | Snake:1  | Gained mutation: You passively map a small area around you.
                  | [potion of mutation]
 29809 | Snake:1  | Found Qyrghoix's Book Shoppe.
 29813 | Snake:1  | Found Yxabret's Armour Emporium.
 29814 | Snake:1  | Found Wacky's Armour Shoppe.
 29821 | Snake:1  | Bought a +2 kite shield of positive energy for 277 gold
                  | pieces
 29953 | Snake:1  | Reached skill level 1 in Transmutations
 29953 | Snake:1  | Reached skill level 1 in Earth Magic
 30219 | Snake:1  | Upgraded the game from 0.28-a0-71-g84acfa7270 to
                  | 0.28-a0-79-g444c7a33f5
 30221 | Snake:1  | Quit the game

Illustrated notes

Levels and vault maps discovered:
D:1:      erik_arrival_cave_to_civilisation [erik_arrival_cave_to_temple],
          layout_basic, hellmonk_ecumenical_altar_crossroads
D:2:      layout_basic, serial_shops, shop, shop, nicolae_square_shop, shop,
          shop_fountains, hangedman_glass_teeth
D:3:      layout_basic
D:4:      layout_basic, nicolae_specific_store
D:5:      layout_rooms
D:6:      layout_basic, minmay_temple_entry_trees, hex_medium
D:7:      layout_cave_pods, nicolae_uskayaw_suspiria, serial_park_tiny_2,
          minmay_misc_feat_four_crosses, minmay_misc_feat_ornament,
          corner_web_ring, dk_noncrumbling_3, minmay_misc_feat_secret_circle,
          minivault_27, grunt_decor_clamped, grunt_ministairs_4,
          minmay_misc_feat_chi, david_defended_altar_orc
D:8:      layout_rooms, uniq_erica
D:9:      minmay_flawed_box, layout_loops_cross, kennysheep_generic_room_16
D:10:     layout_basic, hiddenorc2_lemuel
D:11:     layout_rooms, david_lair_shrubbed, lemuel_blue_sif_altar
D:12:     layout_basic, uniq_erolcha
D:13:     layout_cave_pools, ximxim_vaults_locker_room
D:14:     layout_cross, ebering_ghost_gozag, uniq_roxanne
Temple:   kilobyte_greek_temple
Lair:1:   layout_chaotic_city, grunt_megastairs_2, infiniplex_staircase_pool_2
Lair:2:   layout_regular_city, guppyfry_snake_entry_garden, serial_forest,
          infiniplex_forest_corner_1, infiniplex_forest_side_room,
          infiniplex_forest_lined_3_way, infiniplex_forest_diagonal,
          infiniplex_forest_clump_cross, infiniplex_forest_pool,
          infiniplex_forest_clump_double, infiniplex_forest_clump_double,
          infiniplex_forest_corner_2, uniq_nergalle
Lair:3:   layout_loops_ring, gammafunk_ghost_necromancy
Lair:4:   layout_long_grid, skrybe_swamp_entry_bodies, serial_bayou_shore_a,
          uniq_sonja
Lair:5:   layout_cave_pods, gammafunk_ghost_hydra_chop
Lair:6:   evilmike_catoblepas_cave, layout_regular_city,
          minmay_slime_entry_pillars, uniq_snorg
Snake:1:  layout_onion_interference, nicolae_large_snake_swirl, minmay_shop_star
Orc:1:    layout_caves, basic_altar
Orc:2:    st_orc_open, layout_diamond_mine, nicolae_orc_damp_corner

Skill      XL: |  1  2  3  4  5  6  7  8  9 10 11 12 13 14 15 16 |
---------------+-------------------------------------------------+-----
Conjurations   | 5 6 8 9 10 11 13 14 | 14.0
Fighting       | 1 2 3 4 6 8 10 | 10.0
Dodging        | 3 4 5 7 10 | 10.0
Stealth        | 3 6 7 8 |  8.0
Spellcasting   | 5 8 10 11 14 15 | 15.2
Ice Magic      | 2 3 4 |  4.0
Hexes          | 2 5 6 8 10 12 | 12.1
Armour         | 3 4 7 |  7.7
Summonings     | 3 4 5 |  5.1
Translocations | 4 |  4.0
Air Magic      | 4 |  4.0
Shields        | 7 |  7.0
Transmutations | 2 |  2.1
Earth Magic    | 2 |  2.1

Action                   |  1- 3 |  4- 6 |  7- 9 | 10-12 | 13-15 | 16-18 || total
-------------------------+-------+-------+-------+-------+-------+-------++-------
Melee: Dagger            |     1 |     4 |       |    23 |   119 |    21 ||   168
       Short sword       |       |       |     9 |     1 |       |       ||    10
       Whip              |       |       |       |       |       |    27 ||    27
Throw: Dart              |       |     9 |       |     3 |       |       ||    12
 Cast: Magic Dart        |    80 |   108 |   156 |   191 |    73 |       ||   608
       Searing Ray       |       |     8 |    45 |    77 |    47 |    31 ||   208
       Fulminant Prism   |       |       |     3 |    41 |     2 |    14 ||    60
       Mephitic Cloud    |       |       |       |    18 |     6 |    12 ||    36
       Iskenderun's Myst |       |       |       |     4 |    32 |    15 ||    51
       Freezing Cloud    |       |       |       |    14 |    93 |    41 ||   148
       Ozocubu's Armour  |       |       |       |     1 |       |     1 ||     2
       Summon Mana Viper |       |       |       |       |     5 |     4 ||     9
       Stone Arrow       |       |       |       |       |     3 |    61 ||    64
Evoke: Wand              |       |       |       |       |     1 |       ||     1
  Use: Scroll            |     3 |     2 |     5 |     8 |     6 |     6 ||    30
       Potion            |       |       |       |       |     4 |     3 ||     7
 Stab: Confused          |       |       |       |       |     3 |     1 ||     4
Armor: Robe              |       |     3 |    16 |       |     3 |    11 ||    33
       Leather armour    |       |       |       |    18 |    25 |       ||    43
Dodge: Dodged            |     6 |    15 |    48 |    78 |   109 |    57 ||   313
       Repelled          |       |       |       |     2 |     2 |     6 ||    10
Block: Kite shield       |       |       |       |       |       |    30 ||    30

Table legend: (Time is in decaauts)
 A = Elapsed time spent in this place.
 B = Non-inter-level travel time spent in this place.
 C = Inter-level travel time spent in this place.
 D = Time resting spent in this place.
 E = Time spent auto-exploring this place.
 F = Levels seen in this place.
 G = Mean time per level.
                   A        B        C        D        E       F      G
               +--------+--------+--------+--------+--------+-----+--------+
         Total |  30332 |  27471 |   2861 |   3729 |  17831 |  24 | 1263.8 |
       Dungeon |  18903 |  16703 |   2200 |   2018 |  11425 |  14 | 1350.2 |
        Temple |    145 |    120 |     25 |      0 |     82 |   1 |  145.0 |
          Lair |   8664 |   8141 |    523 |   1283 |   5058 |   6 | 1444.0 |
     Snake Pit |    542 |    542 |      0 |    103 |    210 |   1 |  542.0 |
  Orcish Mines |   2076 |   1964 |    112 |    325 |   1056 |   2 | 1038.0 |
               +--------+--------+--------+--------+--------+-----+--------+

Top non-repeatable levels by time:
  Lair:6: 2281 daAuts
     D:7: 1937 daAuts
     D:4: 1857 daAuts
    D:12: 1759 daAuts
    D:11: 1570 daAuts
     D:3: 1434 daAuts
  Lair:5: 1416 daAuts
   Orc:2: 1401 daAuts
  Lair:2: 1388 daAuts
     D:5: 1341 daAuts
  Lair:4: 1334 daAuts
    D:13: 1298 daAuts
     D:6: 1245 daAuts
  Lair:3: 1236 daAuts
    D:10: 1200 daAuts
